 Dungeon Crawl Stone Soup version 0.29-a0-919-gd064cfad1c (webtiles) character file.

Game seed: 14763996141147642608

68 Hubjo the Insei (level 4, -1/34 HPs)
             Began as a Demonspawn Transmuter on July 26, 2022.
             Slain by a gnoll
             ... wielding a +0 spear
              (6 damage)
             ... on level 2 of the Dungeon.
             The game lasted 00:02:09 (1796 turns).

Hubjo the Insei (Demonspawn Transmuter)             Turns: 1796, Time: 00:02:10

Health: -1/34      AC:  5    Str: 10    XL:     4   Next: 1%
Magic:  7/7        EV: 12    Int: 17    God:
Gold:   59         SH:  0    Dex: 13    Spells: 6/7 levels left

rFire   . . .      SeeInvis .     - Unarmed
rCold   . . .      Faith    .   (no shield)
rNeg    . . .      Spirit   .   a - +0 robe
rPois   .          Reflect  .   (no helmet)
rElec   .          Harm     .   (no cloak)
rCorr   .          Rampage  .   (no gloves)
Will    .....                   (no boots)
Stlth   +.........              (no amulet)
HPRegen 0.11/turn               (no ring)
MPRegen 0.10/turn               (no ring)

@: no status effects
A: molten scales 2, powered by death 1
a: no special abilities


You were on level 2 of the Dungeon.
You visited 1 branch of the dungeon, and saw 2 of its levels.

You collected 59 gold pieces.

Inventory:

Armour
 a - a +0 robe (worn)
Jewellery
 h - a ring of willpower
 i - an amulet of faith
Scrolls
 e - a scroll of enchant weapon {unknown}
 f - 2 scrolls of identify {unknown}
Potions
 c - 2 potions of curing
 d - a potion of heal wounds
 g - a potion of mutation {unknown}


   Skills:
 * Level 2.5 Fighting
 - Level 1.7 Dodging
 + Level 3.1 Unarmed Combat
 + Level 2.4 Spellcasting
 + Level 2.3 Transmutations


You had 6 spell levels left.
You knew the following spells:

 Your Spells              Type           Power      Damage    Failure   Level
a - Beastly Appendage     Tmut           20%        N/A       7%          1

Your spell library contained the following spells:

 Spells                   Type           Power      Damage    Failure   Level
 Wereblood                Tmut           10%        N/A       11%         2
 Shock                    Conj/Air       8%         1d3       19%         1
 Spider Form              Tmut/Pois      6%         N/A       34%         3
 Swiftness                Air            2%         N/A       50%         3
 Ice Form                 Ice/Tmut       6%         N/A       75%         4
 Airstrike                Air            1%         0-2+      88%         4


Dungeon Overview and Level Annotations

Branches:
Dungeon (2/15)

Altars:


Innate Abilities, Weirdness & Mutations

You are mostly covered in molten scales. (AC +3)
You regenerate a little health from kills.


Message History

You swing at nothing.
The gnoll hits you but does no damage.
You swing at nothing.
Your transformation is almost over.
You swing at nothing.
The gnoll hits you but does no damage.
You swing at nothing.
The gnoll hits you but does no damage.
You swing at nothing.
The gnoll hits you but does no damage.
You swing at nothing.
The gnoll hits you from afar with a +0 spear.
You swing at nothing.
The gnoll hits you but does no damage.
You swing at nothing.
The gnoll hits you but does no damage.
You swing at nothing.
The gnoll hits you but does no damage.
You swing at nothing.
You feel less wooden.
Your +0 robe unmelds from your body.
The gnoll barely misses you.
You swing at nothing.
The gnoll hits you but does no damage.
You swing at nothing.
The gnoll closely misses you.
You swing at nothing.
The gnoll closely misses you.
You swing at nothing.
The gnoll closely misses you.
You swing at nothing.
The gnoll closely misses you.
You swing at nothing.
The gnoll hits you from afar with a +0 spear.
You swing at nothing.
You swing at nothing.
The gnoll barely misses you.
You swing at nothing.
The gnoll barely misses you.
You swing at nothing.
The gnoll hits you but does no damage.
You swing at nothing.
The gnoll closely misses you.
You swing at nothing.
The gnoll closely misses you.
You swing at nothing.
The gnoll barely misses you.
You swing at nothing.
The gnoll misses you.
You swing at nothing.
The gnoll hits you from afar with a +0 spear.
* * * LOW HITPOINT WARNING * * *
You swing at nothing.
The gnoll closely misses you.
You swing at nothing.
The gnoll barely misses you.
You swing at nothing.
The gnoll hits you from afar with a +0 spear.
* * * LOW HITPOINT WARNING * * *
You swing at nothing.
The gnoll hits you from afar with a +0 spear.
You die...

........###. #....#
##..........
####....######.####.###.
##............#. #.# #.
..............# #.# #.
..)...........# #.# #.
.......g.....# #.# #.
......).)....# #.# #.
#.)@.....# #. #.
###........# ..
#..........# ...
#....###...# ...###....#
...# ..........# .#.#
..........###.#...
..............# ..
........##...##


You could see a gnoll.

Vanquished Creatures
  3 gnolls (D:2)
  3 bats (D:1)
  3 endoplasms (D:1)
  4 giant cockroaches
  6 goblins
  4 hobgoblins
  3 ball pythons (D:1)
  A frilled lizard (D:1)
  6 kobolds (D:1)
  3 rats (D:1)
36 creatures vanquished.

Vanquished Creatures (others)
  2 plants (D:1)
2 creatures vanquished.

Grand Total: 38 creatures vanquished

Notes
Turn   | Place    | Note
-------+----------+-------------------------------------------
     0 | D:1      | Hubjo the Demonspawn Transmuter began the quest for the
                  | Orb.
     0 | D:1      | Reached XP level 1. HP: 15/15 MP: 3/3
   528 | D:1      | Gained mutation: You are partially covered in molten
                  | scales. (AC +2) [demonic ancestry]
   528 | D:1      | Reached XP level 2. HP: 17/21 MP: 5/5
  1235 | D:1      | Reached skill level 3 in Unarmed Combat
  1235 | D:1      | Gained mutation: You regenerate a little health from kills.
                  | [demonic ancestry]
  1235 | D:1      | Reached XP level 3. HP: 25/27 MP: 4/6
  1760 | D:2      | Gained mutation: You are mostly covered in molten scales.
                  | (AC +3) [demonic ancestry]
  1760 | D:2      | Reached XP level 4. HP: 26/34 MP: 7/7
  1796 | D:2      | Slain by a gnoll

Illustrated notes

Levels and vault maps discovered:
D:1:      denvon_arrival_planthouse, layout_rooms, serial_bayou,
          serial_bayou_pond_b, serial_bayou_shore_b, serial_bayou_lake_a,
          serial_bayou_lagoon_a, st_stairs_11, grunt_decor_arrowhead
D:2:      layout_basic

Skill      XL: |  1  2 |
---------------+-------+-----
Transmutations | 2 |  2.3
Fighting       | 2 |  2.5
Unarmed Combat | 3 |  3.1
Dodging        | |  1.7
Spellcasting   | |  2.4

Action                   |  1- 3 |  4- 6 || total
-------------------------+-------+-------++-------
Melee: Unarmed           |   137 |       ||   137
       Kick              |    11 |       ||    11
       Headbutt          |     4 |       ||     4
       Punch             |     3 |       ||     3
 Cast: Beastly Appendage |    19 |       ||    19
  Use: Potion            |     3 |       ||     3
 Stab: Sleeping          |     1 |       ||     1
Armor: Robe              |    38 |     2 ||    40
       Skin              |    27 |    12 ||    39
Dodge: Dodged            |    92 |    13 ||   105

Table legend: (Time is in decaauts)
 A = Elapsed time spent in this place.
 B = Non-inter-level travel time spent in this place.
 C = Inter-level travel time spent in this place.
 D = Time resting spent in this place.
 E = Time spent auto-exploring this place.
 F = Levels seen in this place.
 G = Mean time per level.
                   A        B        C        D        E       F      G
               +--------+--------+--------+--------+--------+-----+--------+
         Total |   1828 |   1782 |     46 |      0 |   1471 |   2 |  914.0 |
       Dungeon |   1828 |   1782 |     46 |      0 |   1471 |   2 |  914.0 |
               +--------+--------+--------+--------+--------+-----+--------+

Top non-repeatable levels by time:
     D:1: 1600 daAuts
     D:2: 228 daAuts
